 Zot Defence DCSS version 0.15-a0-1403-g2cecdf4 (webtiles) character file.

509 PolkaDot the Skirmisher (level 6, 0/25 (65) HPs)
             Began as a Troll Death Knight on June 11, 2014.
             Was a Believer of Yredelemnul.
             Rotted away (Zyryhih the jelly)
             ... in the Realm of Zot (Scenario II: Battle Heart).
             The game lasted 00:06:03 (590 turns).

PolkaDot the Skirmisher (Troll Death Knight)         Turns: 590, Time: 00:06:03

HP   0/25 (65)   AC  5     Str 22      XL: 6   Next: 98%
MP   5/5         EV 10     Int  7      God: Yredelemnul [**....]
Gold 0           SH  0     Dex 11      Spells:  0 memorised,  5 levels left

rFire  . . .     SeeInvis .       - Unarmed
rCold  . . .     Clarity  .     b - +0 robe
rNeg   . . .     rCorr    .     (shield restricted)
rPois  .         rRot     .     (helmet restricted)
rElec  .         Spirit   .     (no cloak)
SustAb .         Warding  .     (gloves unavailable)
rMut   .         Stasis   .     (boots unavailable)
Gourm  +                        (no amulet)
MR     .....                    (no ring)
                                (no ring)

@: not resistant to hostile enchantments, very unstealthy
A: unfitting armour, claws 3, fast metabolism 3, gourmand, regeneration 2,
saprovore 2, shaggy fur 1, tough skin 2
a: Make oklob sapling, Make arrow trap, Make plant, Remove Curse, Make burning
bush, Make altar, Make grenades, Animate Remains, Recall Undead Slaves, Injury
Mirror, Renounce Religion


You were in the Realm of Zot.
You worshipped Yredelemnul.
Yredelemnul was pleased with you.
You were not hungry.

You visited 1 branch

Inventory:

Armour
 b - a +0 robe (worn)
Comestibles
 c - 2 meat rations
 i - a chunk of giant cockroach flesh {@w1}
 j - a chunk of rat flesh {@w1}
Scrolls
 h - a scroll of blinking
Potions
 d - a potion of heal wounds
 e - a potion of haste
 f - 2 potions of magic
 g - a potion of berserk rage


   Skills:
 * Level 4.8 Fighting
 - Level 1.9 Dodging
 + Level 4.5 Unarmed Combat
 - Level 2.7 Invocations


You had 5 spell levels left.
You didn't know any spells.

Dungeon Overview and Level Annotations

Branches:
    Zot (1/1)

Altars:


Innate Abilities, Weirdness & Mutations

You are too large for most types of armour.
You have claws for hands.
Your metabolism is lightning-fast.
You like to eat raw meat.
You heal very quickly.
You can eat rotten meat.
You are covered in fur (AC +1).
You have very tough skin (AC +2).


Message History

* * * LOW HITPOINT WARNING * * *
Your flesh rots away as the Orb of Zot is desecrated.
* * * LOW HITPOINT WARNING * * *
Your flesh rots away as the Orb of Zot is desecrated.
* * * LOW HITPOINT WARNING * * *
Your flesh rots away as the Orb of Zot is desecrated.
* * * LOW HITPOINT WARNING * * *
You scratch Zyryhih.
Your flesh rots away as the Orb of Zot is desecrated.
* * * LOW HITPOINT WARNING * * *
Your flesh rots away as the Orb of Zot is desecrated.
* * * LOW HITPOINT WARNING * * *
Your claws burn!
* * * LOW HITPOINT WARNING * * *
Zyryhih is moderately wounded.
Your flesh rots away as the Orb of Zot is desecrated.
* * * LOW HITPOINT WARNING * * *
Your flesh rots away as the Orb of Zot is desecrated.
You die...
Your body rises from the dead as a mindless zombie.

▓▓ ▓▓ ▓▓▓ ▓▓▓. .▓▓ ▓▓.▓▓ ▓▓...
..▓▓ ▓▓...▓▓ ▓▓.... ...▓▓▓
▓▓.....▓▓ ▓▓▓.....
.....▓▓▓▓▓▓▓.......▓▓▓▓▓▓▓.......
.....▓..........%........▓.......
............).(J@................
▓▓▓▓▓▓......(...%........▓▓▓▓▓▓▓.
▓▓▓▓▓▓▓.......▓▓▓▓▓▓▓ ▓▓
▓▓.....▓▓ ▓▓...▓▓ ▓▓.▓▓ ▓▓▓▓
▓▓▓▓▓▓▓▓▓▓▓▓▓▓▓ ▓▓▓▓▓▓ ...▓▓
▓∆∆∆∆∆▓ ▓∆∆∆∆∆▓ ▓▓..... ....▓
▓∆▓∆▓∆▓▓▓∆▓∆▓∆▓ ▓......


You could see Zyryhih the jelly.

Vanquished Creatures
  A hungry ghost (Zot)
  A jelly (Zot)
  A giant mite (Zot)
  3 oozes (Zot)
  4 ball pythons (Zot)
  15 bats (Zot)
  A giant cockroach (Zot)
  A hobgoblin (Zot)
  2 jackals (Zot)
  7 kobolds (Zot)
  4 giant newts (Zot)
  6 goblins (Zot)
  3 rats (Zot)
49 creatures vanquished.

Vanquished Creatures (collateral kills)
  A rat (Zot)
1 creature vanquished.

Vanquished Creatures (others)
  An oklob sapling (Zot)
1 creature vanquished.

Grand Total: 51 creatures vanquished

Notes
Turn   | Place    | Note
--------------------------------------------------------------
     0 | Zot      | PolkaDot, the Troll Death Knight, began the quest for the Orb.
     0 | Zot      | Reached XP level 1. HP: 19/19 MP: 1/1
   221 | Zot      | Reached XP level 2. HP: 28/28 MP: 1/1
   306 | Zot      | Reached XP level 3. HP: 33/33 MP: 3/3
   368 | Zot      | Acquired Yredelemnul's second power
   447 | Zot      | Reached XP level 4. HP: 42/42 MP: 3/3
   474 | Zot      | Noticed Khues
   505 | Zot      | Killed Khues the hungry ghost
   505 | Zot      | Reached skill level 4 in Fighting
   505 | Zot      | Reached XP level 5. HP: 34/53 MP: 4/4
   505 | Zot      | Reached XP level 6. HP: 39/61 MP: 5/5
   590 | Zot      | HP: 1/26 [acid (1)]
   590 | Zot      | Rotted away (Zyryhih the jelly)

Action                   |  1- 3 |  4- 6 || total
-------------------------+-------+-------++-------
Melee: Unarmed           |    74 |    67 ||   141
 Abil: Make oklob saplin |       |     1 ||     1
  Use: Potion            |     3 |       ||     3
